 Dungeon Crawl Stone Soup version 0.31-a0-200-gbc41564c69 (webtiles) character file.

Game seed: 15796295408476166428

103 qw the Shooter (level 4, 0/25 HPs)
             Began as a Deep Elf Hunter on June 25, 2023.
             Slain by a gnoll sergeant
             ... wielding a +3 heavy spear
              (10 damage)
             ... on level 2 of the Dungeon.
             The game lasted 00:00:31 (1106 turns).

qw the Shooter (Deep Elf Hunter)                    Turns: 1106, Time: 00:00:31

Health: 0/25       AC:  6    Str: 10    XL:     4   Next: 51%
Magic:  6/6        EV:  9    Int: 14    God:
Gold:   94         SH:  0    Dex: 18    Spells: 3/3 levels left

rFire   + . .        Y - +0 shortbow
rCold   . . .        (shield currently unavailable)
rNeg    . . .        b - +0 scale mail
rPois   .            (no helmet)
rElec   .            (no cloak)
rCorr   .            (no gloves)
SInv    .            (no boots)
Will    .....        h - amulet of regeneration
Stlth   +            g - ring of protection from fire
HPRegen 1.04/turn    (no ring)
MPRegen 0.10/turn

%: no passive effects
@: no status effects
A: no striking features
a: no special abilities


You were on level 2 of the Dungeon.
You visited 1 branch of the dungeon, and saw 3 of its levels.

You collected 94 gold pieces.


   Skills:
 - Level 1.5 Fighting
 + Level 7.9 Ranged Weapons
 - Level 2.4 Dodging
 - Level 1.2 Stealth


You had 3 spell levels left.
You didn't know any spells.
Your spell library was empty.

Inventory:

Hand Weapons
 Y - a +0 shortbow (weapon)
Armour
 b - a +0 scale mail (worn)
 d - a +0 ring mail
Jewellery
 f - a +6 ring of dexterity
 g - a ring of protection from fire (left hand)
 h - an amulet of regeneration (around neck)
Potions
 a - a potion of enlightenment {unknown}
 c - a potion of curing {unknown}
 e - a potion of lignification {unknown}
 j - a potion of magic {unknown}

Dungeon Overview and Level Annotations

Branches:
Dungeon (3/15)

Altars:


Message History

You now have 94 gold pieces (gained 15).
You see here a +0 spear.
The gnoll shouts!
A gnoll is nearby!
Enter note:
Enter note:
Enter note:
Enter note:
Enter note:
Enter note: You shoot an arrow.
The arrow barely misses the gnoll.
A gnoll sergeant comes into view. It is wielding a +3 heavy spear.
You shoot an arrow. The gnoll sergeant shouts!
The arrow hits the gnoll sergeant.
The gnoll sergeant is moderately wounded.
You shoot an arrow.
The arrow barely misses the gnoll sergeant.
The arrow hits the gnoll but does no damage.
You shoot an arrow.
The arrow barely misses the gnoll sergeant.
The arrow hits the gnoll!
The gnoll is severely wounded.
You shoot an arrow.
The arrow hits the gnoll sergeant but does no damage.
The gnoll sergeant is moderately wounded.
You shoot an arrow.
The arrow hits the gnoll sergeant but does no damage.
The gnoll sergeant is moderately wounded.
The gnoll sergeant hits you from afar with a +3 heavy spear.
You shoot an arrow.
The arrow hits the gnoll but does no damage.
The gnoll is severely wounded.
The gnoll sergeant hits you from afar with a +3 heavy spear!
Ouch! That really hurt!
The gnoll closely misses you.
You shoot an arrow. The arrow closely misses the gnoll.
The arrow closely misses the gnoll sergeant.
The gnoll sergeant hits you from afar with a +3 heavy spear!
You die...

..............<..................
.........######.......###.......<
......#### #.......# ##.......
...[.## 77 ##......# #.......
...### ... ##.....# ######## ...#
#..77 ###...# #.## #..).777##..#
#.# .#.7...g77#..# #.#
.'...g.@))...# #.# .#..7..)77####
..# .#....777 .## #..77 ## ..)


77 You could see a gnoll sergeant and a gnoll.

Vanquished Creatures
  Ijyb (D:3)
  3 gnolls (D:2)
  2 dart slugs
  5 bats
  5 endoplasms
  A giant cockroach (D:1)
  4 goblins
  5 hobgoblins
  5 kobolds
  A quokka (D:1)
  6 ball pythons
  4 frilled lizards
  4 rats
46 creatures vanquished.

Notes
Turn   | Place    | Note
-------+----------+-------------------------------------------
     0 | D:1      | qw the Deep Elf Hunter began the quest for the Orb.
     0 | D:1      | Reached XP level 1. HP: 12/12 MP: 3/3
     0 | D:1      | 0 ||| qw: Version: 0.3-a-22-g0ed2b0b
     0 | D:1      | 0 ||| qw: Game counter: 5692
     0 | D:1      | 0 ||| qw: Melee chars always use a shield: true
     0 | D:1      | 0 ||| qw: God list: Okawaru
     0 | D:1      | 0 ||| qw: Allow faded altars: false
     0 | D:1      | 0 ||| qw: Do Orc after clearing Dungeon:15 true
     0 | D:1      | 0 ||| qw: Do second Lair branch before Depths: true
     0 | D:1      | 0 ||| qw: Lair rune preference: random
     0 | D:1      | 0 ||| qw: Goals: Normal
     0 | D:1      | 0 ||| PLANNING D:1-11
   149 | D:1      | Reached XP level 2. HP: 16/16 MP: 4/4
   155 | D:1      | Reached skill level 6 in Ranged Weapons
   454 | D:1      | Reached XP level 3. HP: 20/20 MP: 5/5
   729 | D:1      | 729 ||| UPGRADING to amulet of the acrobat.
   734 | D:1      | 734 ||| UPGRADING to amulet of regeneration.
   744 | D:1      | 744 ||| DROPPING amulet of the acrobat.
   745 | D:1      | 745 ||| UPGRADING to ring of protection from fire.
   746 | D:1      | 746 ||| READING 2 scrolls labelled UKIDWO BIMITEEMIR.
   747 | D:1      | 747 ||| DROPPING scroll of poison.
   748 | D:1      | 748 ||| DROPPING scroll of butterflies.
   750 | D:1      | 750 ||| Stepping ~*~*~tactically~*~*~ (cloud).
   752 | D:1      | HP: 5/20 [poisoned by you (poison gas)]
   757 | D:1      | HP: 4/20 [poisoned by you (poison gas)]
   858 | D:2      | You fall into a shaft and drop 1 floor!
   874 | D:3      | Noticed Ijyb
   883 | D:3      | Killed Ijyb
   884 | D:3      | Reached skill level 7 in Ranged Weapons
   906 | D:3      | Reached XP level 4. HP: 25/25 MP: 6/6
   911 | D:3      | 911 ||| UPGRADING to +0 scale mail.
   921 | D:3      | 921 ||| DROPPING +0 leather armour.
   922 | D:3      | 922 ||| READING scroll labelled JUNUDASUSE.
   923 | D:3      | 923 ||| DRINKING 2 fizzy black potions.
   924 | D:3      | 924 ||| DROPPING potion of attraction.
  1012 | D:2      | Found Ylawan's Book Shoppe.
  1100 | D:2      | Noticed a gnoll sergeant
  1106 | D:2      | Slain by a gnoll sergeant

Levels and vault maps discovered:
D:1:      minmay_arrival_plants_in_alcoves, layout_loops_ring,
          nicolae_hexahallways
D:2:      layout_rooms, serial_shops, nicolae_lakefront_shop,
          pf_guarded_unrand_woodcutter
D:3:      layout_rooms, serial_shops, nicolae_shop_tiny_waterfront,
          uniq_jessica, uniq_ijyb

Skill      XL: |  1  2  3 |
---------------+----------+-----
Ranged Weapons | 6 7 |  7.9
Fighting       | |  1.5
Dodging        | |  2.4
Stealth        | |  1.2

Action                     |  1- 3 |  4- 6 || total
---------------------------+-------+-------++-------
   Fire: Shortbow          |    85 |    23 ||   108
    Use: Scroll            |     1 |     1 ||     2
         Potion            |       |     1 ||     1
 Armour: Leather armour    |     4 |       ||     4
  Dodge: Dodged            |    10 |     5 ||    15

Table legend:
 A = Non-vault XP
 B = Vault XP
 C = Vault XP percentage of total XP
 D = Non-vault monster count
 E = Vault monster count
 F = Vault count percentage of total count
                 A         B        C        D         E       F
            +---------+---------+-------+---------+---------+-------
      Total |      71 |      77 |  52.0 |      42 |       4 |   8.7
            +---------+---------+-------+---------+---------+-------
        D:1 |      47 |       0 |   0.0 |      28 |       0 |   0.0
        D:2 |      10 |      42 |  80.8 |       7 |       3 |  30.0
        D:3 |      14 |      35 |  71.4 |       7 |       1 |  12.5
            +---------+---------+-------+---------+---------+-------
